 Dungeon Crawl Stone Soup version 0.30.0 (webtiles) character file.

Game seed: 18136425367728745866

264 dialectric the Covered (level 6, -2/36 HPs)
             Began as a Gargoyle Wanderer on May 6, 2023.
             Slain by Edmund
             ... wielding a +7 flail of draining
              (16 damage)
             ... on level 4 of the Dungeon.
             The game lasted 00:04:19 (2559 turns).

dialectric the Covered (Gargoyle Wanderer)          Turns: 2559, Time: 00:04:20

Health: -2/36      AC: 17    Str: 14    XL:     6   Next: 19%
Magic:  7/7        EV:  7    Int: 11    God:
Gold:   180        SH:  7    Dex: 14    Spells: 6/7 levels left

rFire   . . .        k - +0 short sword (drain)
rCold   . . .        e - +2 buckler
rNeg    + . .        f - +0 chain mail
rPois   ∞            y - +0 helmet
rElec   +            (no cloak)
rCorr   .            h - +0 pair of gloves
SInv    .            o - +0 pair of boots
Will    .....        (no amulet) Stlth
                     (no ring)
HPRegen 0.26/turn    (no ring)
MPRegen 0.10/turn

%: no passive effects
@: no status effects
A: sickness immunity, AC +4, negative energy resistance 1, electricity
resistance, torment resistance 1, petrification resistance
a: no special abilities


You were on level 4 of the Dungeon.
You visited 1 branch of the dungeon, and saw 4 of its levels.

You collected 180 gold pieces.

Inventory:

Hand Weapons
 a - a +0 dagger
 k - a +0 short sword of draining (weapon)
Missiles
 l - 3 curare-tipped darts
 s - 3 poisoned darts
Armour
 d - a +0 robe
 e - a +2 buckler (worn)
 f - a +0 chain mail (worn)
 h - a +0 pair of gloves (worn)
 o - a +0 pair of boots (worn)
 y - a +0 helmet (worn)
Jewellery
 r - a ring of positive energy
Wands
 q - a wand of mindburst (3)
Scrolls
 g - a scroll of enchant armour {unknown}
 i - 6 scrolls of teleportation {unknown}
 j - 5 scrolls of identify {unknown}
 m - a scroll of poison
 n - a scroll of torment {unknown}
 p - a scroll of noise {unknown}
 u - a scroll of immolation {unknown}
 z - a scroll of fear {unknown}
Potions
 b - a potion of flight {unknown}
 c - 2 potions of heal wounds
 t - a potion of ambrosia {unknown}
 v - a potion of brilliance {unknown}
 w - 2 potions of attraction {unknown}
 x - a potion of mutation {unknown}


   Skills:
 * Level 2.8 Fighting
 + Level 3.3 Short Blades
 + Level 4.7 Armour
 - Level 1.1 Dodging
 - Level 3.0 Shields
 - Level 1.0 Spellcasting
 - Level 1.5 Necromancy


You had 6 spell levels left.
You knew the following spells:

 Your Spells              Type           Power      Damage    Failure   Level
a - Necrotise             Necr           16%        1d4       98%         1

Your spell library contained the following spells:

 Spells                   Type           Power      Damage    Failure   Level
 Vampiric Draining        Necr           4%         2d6       100%        3


Dungeon Overview and Level Annotations

Branches:
Dungeon (4/15)
 Temple: D:4-7

Altars:
Qazlal
Uskayaw
Yredelemnul
Zin

Shops:
D:1 *   D:2 =

Annotations:
D:1 2 transporters
D:3 1 runed translucent door, wallyj24's ghost, amateur GnFi
D:4 Edmund


Innate Abilities, Weirdness & Mutations

You are immune to sickness and miasma.
Your stone body is resilient. (AC +4)
You are immune to poison.
You resist negative energy. (rN+)
You are resistant to electric shocks. (rElec)
You are resistant to unholy torment.
You are immune to petrification.


Message History

The orc hits you but does no damage.
You hit the orc.
The orc is heavily wounded.
The orc hits you but does no damage.
You hit the orc.
You kill the orc!
No target in view!
No target in view!
No target in view!
No target in view!
i - 6 scrolls labelled YXTALI VIRAROM (gained 1) Edmund the Younger comes into view.
He is wielding a +7 flail of draining.
Edmund shouts!
Edmund is nearby!
Edmund is nearby!
Edmund mutters, "Who needs spells, anyway?"
You see here the felid corpse of Natasha.
Edmund is nearby!
Edmund hits you with a +7 flail of draining!
Edmund is nearby!
Unknown command.
You hit Edmund.
Edmund is lightly wounded.
Edmund hits you with a +7 flail of draining.
You hit Edmund but do no damage.
Edmund is lightly wounded.
Edmund barely misses you.
Okay, then.
You hit Edmund but do no damage.
Edmund is lightly wounded.
Edmund hits you but does no damage.
You hit Edmund.
Edmund is lightly wounded.
You hit Edmund.
Edmund is moderately wounded.
Edmund hits you with a +7 flail of draining!
You hit Edmund but do no damage. You drain Edmund.
Edmund is moderately wounded.
Edmund hits you with a +7 flail of draining!
You die...

#.............# .
#.......).....######
#.............#...##
##.....###+####....'
#.....# .........#
#.....+...........#
#.....#.....##...##
#..†..#.....##..)##
#.@...#.....#.....#
...#####@....#.....##....#
........#+####.....##....+
......#.)..........#.....#
..... #............##....#
.... #............##....#
... #.............#.....
.. #.............'....# .
#######'#######....#


You could see Edmund (drained).

Vanquished Creatures
  An orc priest (D:3)
  Natasha (D:4)
  2 orc wizards (D:3)
  3 adders
  3 worms
  5 dart slugs
  16 orcs
  8 bats
  5 endoplasms
  3 giant cockroaches
  7 goblins
  10 hobgoblins
  6 jackals
  3 quokkas
  6 ball pythons
  4 frilled lizards
  7 kobolds
  3 rats
93 creatures vanquished.

Notes
Turn   | Place    | Note
-------+----------+-------------------------------------------
     0 | D:1      | dialectric the Gargoyle Wanderer began the quest for the
                  | Orb.
     0 | D:1      | dialectric set off with the following items: a +0 dagger, a
                  | +0 pair of boots, a potion of heal wounds, a +0 robe, a +2
                  | buckler; and the following spell memorised: Necrotise; and
                  | the following spells available to memorise: Vampiric
                  | Draining.
     0 | D:1      | Reached XP level 1. HP: 12/12 MP: 2/2
   105 | D:1      | Reached XP level 2. HP: 16/16 MP: 3/3
   254 | D:1      | Reached skill level 4 in Armour
   264 | D:1      | Found a faded altar of an unknown god.
   297 | D:1      | Reached XP level 3. HP: 20/20 MP: 4/4
   482 | D:1      | Reached skill level 1 in Short Blades
   596 | D:1      | Found a transporter.
   596 | D:1      | Found Notekk's Assorted Antiques.
   636 | D:1      | Found a transporter.
   671 | D:2      | Found Goumeaf's Jewellery Shoppe.
   822 | D:2      | Reached XP level 4. HP: 25/25 MP: 5/5
  1210 | D:3      | Found a runed translucent door.
  1210 | D:3      | Noticed wallyj24's ghost (amateur GnFi)
  1460 | D:3      | Reached XP level 5. HP: 28/30 MP: 6/6
  1687 | D:3      | Found a hide-covered altar of Uskayaw.
  1768 | D:3      | Found a stormy altar of Qazlal.
  1821 | D:3      | Found a basalt altar of Yredelemnul.
  1833 | D:3      | Found a glowing silver altar of Zin.
  1910 | D:3      | Reached XP level 6. HP: 31/36 MP: 7/7
  2451 | D:4      | Noticed Natasha
  2464 | D:4      | Killed Natasha
  2550 | D:4      | Noticed Edmund
  2559 | D:4      | Slain by Edmund

Illustrated notes

Levels and vault maps discovered:
D:1:      minmay_arrival_hallway, layout_rooms, ebering_ecumenical_altar_box,
          serial_shops, nicolae_shop_drivethru
D:2:      layout_rooms, serial_shops,
          nicolae_shop_temple_entry_statues_fountains, minmay_tetromino_i4
D:3:      layout_basic, lemuel_tele_altar, mainiacjoe_overflow_cross_hatched,
          nicolae_uskayaw_suspiria, nicolae_qazlal_scattered_showers,
          hellmonk_ghost_happy_afterlife
D:4:      minmay_bubble_buster, layout_gridville, portal_sewer_entry_f,
          corexii_shack, kennysheep_small_circle, uniq_edmund, uniq_natasha

Skill      XL: |  1  2  3  4  5 |
---------------+----------------+-----
Armour         | 4 |  4.7
Short Blades   | 1 2 3 |  3.3
Shields        | 3 |  3.0
Fighting       | 2 |  2.8
Dodging        | |  1.1
Spellcasting   | |  1.0
Necromancy     | |  1.5

Action                     |  1- 3 |  4- 6 || total
---------------------------+-------+-------++-------
  Melee: Dagger            |   213 |       ||   213
         Short sword       |    18 |   241 ||   259
    Use: Potion            |     1 |       ||     1
         Scroll            |       |     1 ||     1
 Armour: Chain mail        |   213 |   105 ||   318
         Robe              |     4 |       ||     4
  Dodge: Dodged            |    82 |    66 ||   148
  Block: Buckler           |    90 |    72 ||   162
